 Dungeon Crawl Stone Soup version 0.28.0-47-ge53b351184 (webtiles) character file.

Game seed: 6604019262140747194

397 Iusername the Chopper (level 6, -4/56 HPs)
             Began as a Hill Orc Fighter on May 4, 2022.
             Was an Initiate of Wu Jian.
             Slain by a lemure (5 damage)
             ... led by Pikel
             ... on level 4 of the Dungeon.
             The game lasted 00:05:50 (4536 turns).

Iusername the Chopper (Hill Orc Fighter)            Turns: 4536, Time: 00:05:50

Health: -4/56      AC:  7    Str: 20 (21) XL:     6   Next: 83%
Magic:  0/6        EV:  9    Int:  5 (8)  God:    Wu Jian [......]
Gold:   158        SH:  4    Dex:  8 (10) Spells: 5/5 levels left

rFire   . . .      SeeInvis .   n - +7 dagger of Deformation {vorpal, *Rage rElec Dex+2}
rCold   . . .      Faith    .   c - +0 buckler
rNeg    . . .      Spirit   +   b - +0 scale mail
rPois   .          Reflect  .   (helmet restricted)
rElec   +          Harm     .   (no cloak)
rCorr   .          Rampage  .   (no gloves)
Will    .....      Rage     20% (no boots)
Stlth   ..........              o - amulet of guardian spirit
HPRegen 0.18/turn               (no ring)
MPRegen 0.10/turn               (no ring)

@: mighty, on berserk cooldown, flying
A: beak, clumsy 1
a: Renounce Religion


You were on level 4 of the Dungeon.
You worshipped Wu Jian.
Wu Jian was noncommittal.
You visited 1 branch of the dungeon, and saw 4 of its levels.

You collected 158 gold pieces.

Inventory:

Hand Weapons
 a - a +0 war axe
 n - the +7 dagger of Deformation (weapon) {vorpal, *Rage rElec Dex+2}
   (You found it on level 4 of the Dungeon)

   It inflicts extra damage upon your enemies.
   Dex:       It affects your dexterity (+2).
   rElec:     It insulates you from electricity.
   *Rage:     It berserks you when you make melee attacks (+20% chance).
Missiles
 q - a throwing net (quivered)
Armour
 b - a +0 scale mail (worn)
 c - a +0 buckler (worn)
Jewellery
 k - a ring of flight
 o - an amulet of guardian spirit (around neck)
Scrolls
 e - a scroll of teleportation {unknown}
 f - 4 scrolls of magic mapping {unknown}
 g - a scroll of summoning {unknown}
 i - 3 scrolls of enchant weapon {unknown}
 j - a scroll of fog {unknown}
 l - a scroll of fear {unknown}
 m - a scroll of amnesia {unknown}
 s - a scroll of acquirement {unknown}
 t - a scroll of identify {unknown}
Potions
 d - a potion of might
 h - a potion of haste {unknown}
 p - a potion of mutation


   Skills:
 + Level 5.1 Fighting
 + Level 6.6 Axes
 + Level 4.7 Armour
 + Level 0.8 Dodging
 + Level 0.2 Stealth
 + Level 3.7 Shields


You had 5 spell levels left.
You didn't know any spells.
Your spell library contained the following spells:

 Spells                   Type           Power      Damage    Failure   Level
 Corpse Rot               Necr/Air       0%         N/A       96%         2
 Poisonous Vapours        Pois/Air       0%         N/A       96%         2
 Sublimation of Blood     Necr           0%         N/A       96%         2
 Wereblood                Tmut           0%         N/A       96%         2
 Animate Dead             Necr           0%         N/A       100%        4
 Borgnjor's Vile Clutch   Necr/Erth      0%         N/A       100%        5
 Death Channel            Necr           0%         N/A       100%        6
 Summon Hydra             Summ           0%         N/A       100%        7


Dungeon Overview and Level Annotations

Branches:
Dungeon (4/15)
 Temple: D:4-7

Altars:
Qazlal
Wu Jian

Annotations:
D:4 Pikel


Innate Abilities, Weirdness & Mutations

You have a beak for a mouth.
You are clumsy. (Dex -2)


Message History

Pikel hits you with a +0 whip of flaming.
* * * LOW HITPOINT WARNING * * *
Pikel burns you.
* * * LOW HITPOINT WARNING * * *
You puncture Pikel!
Pikel is heavily wounded.
You block the lemure's attack. The lemure barely misses you.
The lemure misses you.
Pikel hits you with a +0 whip of flaming.
* * * LOW HITPOINT WARNING * * *
Pikel burns you.
* * * LOW HITPOINT WARNING * * *
The lemure barely misses you.
Unknown command.
You puncture Pikel!
Pikel is severely wounded.
The lemure barely misses you. Pikel hits you but does no damage.
The lemure hits you but does no damage. The lemure hits you.
* * * LOW HITPOINT WARNING * * *
The lemure closely misses you. You block Pikel's attack. The lemure hits you.
* * * LOW HITPOINT WARNING * * *
There are monsters nearby!
It was a potion of mutation.
You feel extremely strange.
You feel clumsy.
Your mouth lengthens and hardens into a beak!
The lemure closely misses you. The lemure hits you but does no damage.
The lemure closely misses you. You block Pikel's attack.
The lemure hits you but does no damage. The lemure barely misses you.
It was a potion of flight.
You feel very buoyant.
You fly up into the air.
You feel yourself speed up.
Pikel says, "You'll feel the lick of my whip!"
Pikel hits you with a +0 whip of flaming.
* * * LOW HITPOINT WARNING * * *
Pikel burns you.
* * * LOW HITPOINT WARNING * * *
The lemure closely misses you. The lemure barely misses you.
The lemure hits you but does no damage. The lemure hits you.
You die...

...... #......... .......
#.[....... ....... ... #........
....... ....##+ #......####
#.....# .......# ..........
#...... #.....#####..5.......
....... #..........##K5......
....... ####.......#...5@5..#
....### ...........'............
.......
#..........#......####........###
#..................###....###.###
+.........................+......
#.........................###....
#..............#..........#######
....†....#######.......#.......##
.#.......# .. #.........


You could see Pikel and 4 lemures.

Vanquished Creatures
  A water moccasin (D:4)
  A phantom (D:2)
  A hound (D:4)
  A centaur skeleton (D:3)
  An iguana (D:4)
  A hound zombie (D:3)
  2 adders
  4 adder skeletons
  An adder zombie (D:3)
  3 worms
  4 dart slugs
  10 orcs (D:3)
  3 ball pythons
  2 bats
  6 endoplasms
  3 giant cockroaches
  6 goblins
  3 hobgoblins
  2 kobolds (D:3)
  A quokka (D:1)
  2 frilled lizards
  A giant cockroach zombie (D:3)
  A quokka skeleton (D:3)
  A quokka zombie (D:3)
  7 rats
68 creatures vanquished.

Vanquished Creatures (others)
  2 fungi (D:3)
  A plant (D:3)
3 creatures vanquished.

Grand Total: 71 creatures vanquished

Notes
Turn   | Place    | Note
-------+----------+-------------------------------------------
     0 | D:1      | Iusername the Hill Orc Fighter began the quest for the Orb.
     0 | D:1      | Reached XP level 1. HP: 19/19 MP: 1/1
   408 | D:1      | Reached XP level 2. HP: 25/27 MP: 2/2
   506 | D:1      | Reached skill level 3 in Axes
  1320 | D:2      | Reached XP level 3. HP: 33/33 MP: 3/3
  1677 | D:2      | Noticed a phantom
  1687 | D:2      | Killed a phantom
  1688 | D:2      | Reached skill level 4 in Axes
  1688 | D:2      | Reached XP level 4. HP: 12/40 MP: 4/4
  2459 | D:3      | Reached XP level 5. HP: 44/46 MP: 5/5
  2580 | D:3      | Found a faded altar of an unknown god.
  2783 | D:3      | Reached skill level 5 in Axes
  2987 | D:3      | Found a stormy altar of Qazlal.
  3450 | D:4      | Noticed a water moccasin
  3461 | D:4      | Killed a water moccasin
  3462 | D:4      | Reached skill level 6 in Axes
  3462 | D:4      | Reached XP level 6. HP: 19/55 MP: 6/6
  3471 | D:4      | Reached skill level 5 in Fighting
  4063 | D:4      | Identified the +7 dagger of Deformation {vorpal, *Rage
                  | rElec Dex+2}
  4277 | D:4      | Found an ornate altar of the Wu Jian Council.
  4353 | D:4      | Became a worshipper of the Wu Jian Council
  4524 | D:4      | Noticed Pikel
  4534 | D:4      | HP: 2/56 [lemure[Pikel] (1)]
  4535 | D:4      | Gained mutation: You are clumsy. (Dex -2) [potion of
                  | mutation]
  4535 | D:4      | Gained mutation: You have a beak for a mouth. [potion of
                  | mutation]
  4536 | D:4      | Slain by a lemure

Illustrated notes

Levels and vault maps discovered:
D:1:      dpeg_arrival_circle_labyrinth_c, layout_basic, grunt_decor_clamped,
          hangedman_glass_teeth
D:2:      layout_loops_ring, eino_tiny_chamber, minmay_misc_feat_room,
          minmay_misc_feat_pillars, minmay_stone_trees_large,
          grunt_ministairs_15, corexii_shack
D:3:      layout_loops_ring, nicolae_qazlal_general_emergency,
          shapermc_ecumenical_altar_ellora, serial_undead, serial_undead_d,
          serial_undead_e, serial_undead_a, serial_undead_f,
          corexii_corridor_pit, minmay_misc_feat_encased, kennysheep_cross_room,
          minmay_tree_intersection
D:4:      black_bear_nest_2, layout_basic, nicolae_wu_jian_glorious_leap,
          serial_shops, kennysheep_mini, uniq_pikel, uniq_menkaure

Skill      XL: |  1  2  3  4  5  6 |
---------------+-------------------+-----
Axes           | 3 4 6 |  6.6
Fighting       | 4 5 |  5.1
Armour         | 4 |  4.7
Dodging        | |  0.8
Stealth        | |  0.2
Shields        | |  3.7

Action                   |  1- 3 |  4- 6 || total
-------------------------+-------+-------++-------
Melee: War axe           |    57 |    90 ||   147
       Dagger            |       |    15 ||    15
  Use: Potion            |     1 |     6 ||     7
Armor: Scale mail        |    26 |    51 ||    77
Dodge: Dodged            |    34 |    58 ||    92
Block: Buckler           |     6 |    23 ||    29
